 Dungeon Crawl Stone Soup version 0.21.1-1-g345015f (webtiles) character file.

2165 empire the Protected (level 9, 0/72 HPs)
             Began as a Minotaur Fighter on June 25, 2018.
             Slain by an orc warrior
             ... wielding a +0 trident
              (10 damage)
             ... on level 6 of the Dungeon.
             The game lasted 00:09:44 (4572 turns).

empire the Protected (Minotaur Fighter)             Turns: 4572, Time: 00:09:45

Health: 0/72       AC: 12    Str: 25    XL:     9   Next: 10%
Magic:  8/8        EV:  9    Int:  7    God:
Gold:   148        SH: 11    Dex: 10    Spells: 8/8 levels left

rFire    + . .     SeeInvis .   a - +0 long sword
rCold    x . .     Gourm    .   c - +0 shield
rNeg     . . .     Faith    .   n - +0 chain mail
rPois    .         Spirit   .   (helmet restricted)
rElec    .         Reflect  .   (no cloak)
rCorr    .         Harm     .   (no gloves)
MR       .....                  (no boots)
Stlth    ..........             t - amulet of rage
HPRegen  0.22/turn              r - +3 ring of strength
MPRegen  0.11/turn              y - ring of fire

@: no status effects
A: retaliatory headbutt, horns 2, rugged brown scales 1, clever 1, weak 1,
evolution 1
a: Evoke Berserk Rage


You were on level 6 of the Dungeon.
You were not hungry.

You visited 1 branch of the dungeon, and saw 6 of its levels.

You collected 304 gold pieces.
You spent 156 gold pieces at shops.

Inventory:

Hand Weapons
 a - a +0 long sword (weapon)
 h - a +0 short sword of flaming
 k - a +2 short sword of electrocution
 s - a +0 dagger of speed
 z - a +1 short sword of draining
 F - the +6 mace "Qagusm" {crush, rElec MR++ Int-4}
   (You found it on level 5 of the Dungeon)

   It inflicts extra damage upon your enemies.
   It affects your intelligence (-4).
   It insulates you from electricity.
   It affects your resistance to hostile enchantments.
 G - the +4 hand axe "Beacw" {chop, rC+ Dex+2, unknown}
   (You found it on level 5 of the Dungeon)

   It inflicts extra damage upon your enemies.
   It affects your dexterity (+2).
   It protects you from cold.
 K - a +1 dagger of electrocution
Armour
 c - a +0 shield (worn)
 n - a +0 chain mail (worn)
 L - a +0 ring mail of magic resistance
Jewellery
 r - a +3 ring of strength (left hand)
 t - an amulet of rage (around neck)
 y - a ring of fire (right hand)
 C - an uncursed ring of magical power
Wands
 A - a wand of paralysis (7)
 E - a wand of disintegration (8)
 J - a wand of iceblast (2)
Scrolls
 g - 4 scrolls of remove curse {unknown}
 j - 2 scrolls of identify
 l - a scroll of amnesia {unknown}
 m - a scroll of fear {unknown}
 o - 4 scrolls of teleportation
 u - 2 scrolls of holy word {unknown}
 v - 2 scrolls of noise {unknown}
 w - a scroll of random uselessness {unknown}
 x - a scroll of silence {unknown}
 D - a scroll of magic mapping {unknown}
Potions
 b - a potion of mutation
 d - a potion of lignification {unknown}
 e - a potion of degeneration {unknown}
 i - 2 potions of curing
 q - 2 potions of haste {unknown}
 H - a potion of ambrosia {unknown}
Books
 I - a book of Air

   Spells                             Type                      Level
   a - Shock                          Conjuration/Air              1
   b - Swiftness                      Charms/Air                   2
   c - Static Discharge               Conjuration/Air              3
   d - Airstrike                      Air                          4
   e - Lightning Bolt                 Conjuration/Air              5
Comestibles
 f - 7 rations
 B - a chunk of flesh


   Skills:
 - Level 3.6 Fighting
 - Level 8.5 Long Blades
 - Level 8.6 Armour
 + Level 6.2 Dodging
 - Level 6.6 Shields


You had 8 spell levels left.
You didn't know any spells.

Dungeon Overview and Level Annotations

Branches:
Dungeon (6/15)
 Temple: D:4-7

Altars:
Gozag
Nemelex Xobeh
Wu Jian

Shops:
D:4 *


Innate Abilities, Weirdness & Mutations

You reflexively headbutt those who attack you in melee.
You have a pair of horns on your head.
You are partially covered in rugged brown scales. (AC +1, +3% HP)
Your mind is acute. (Int +2)
You are weak. (Str -2)
You evolve.


Message History

The orc warrior hits you with a trident.
* * * LOW HITPOINT WARNING * * *
Found a scroll of identify.
Items here: )) †† a club x2; an orc corpse x2
You closely miss the orc warrior. The orc warrior barely misses you.
You furiously retaliate!
You headbutt the orc warrior, but do no damage.
You riposte.
You closely miss the orc warrior. Your headbutt misses the orc warrior.
You hit the orc warrior but do no damage.
The orc warrior hits you with a trident!
* * * LOW HITPOINT WARNING * * *
You slash the orc warrior!
The orc warrior is moderately wounded.
The orc warrior hits you with a trident!
* * * LOW HITPOINT WARNING * * *
You feel better. You block the orc warrior's attack.
The orc warrior hits you from afar with a trident!
You die...

.##...##............#
....>.#.............#
###...#.............#
..#...#......##....##
..#+###########....##
.......#.....##.....#
.......+............#
##.....#............#
.....#..######@.###
.....# #))# ..<..#
......o........
.....#
...............
.....#
...............
.##..##..###### #..
##+# .. .?.


You could see an orc warrior.

Vanquished Creatures
  Prince Ribbit (D:5)
  A wyvern (D:6)
  The ghost of theblackcape the Magician, an amateur GnWz (D:4)
  Duvessa (D:4)
  A black bear (D:6)
  An ice beast (D:5)
  A necrophage (D:5)
  2 ogres (D:4)
  A centaur (D:6)
  2 bullfrogs (D:6)
  Dowan (D:4)
  3 scorpions (D:5)
  A howler monkey (D:5)
  2 crimson imps
  2 jellies (D:5)
  3 orc priests
  4 hounds
  2 centaur skeletons
  3 orc wizards
  Ijyb (D:5)
  A hound skeleton (D:6)
  A worker ant zombie (D:4)
  4 gnolls (D:3)
  6 adders
  2 shadow imps
  An ooze (D:2)
  An adder zombie (D:5)
  An adder skeleton (D:4)
  2 worms (D:2)
  5 dart slugs
  The ghost of p0werm0de the Grave Robber, a weakling OpNe (D:3)
  2 leopard geckos
  15 orcs
  2 giant cockroaches
  7 goblins
  2 hobgoblins (D:1)
  2 quokkas (D:6)
  8 bats
  4 frilled lizards
  A giant cockroach zombie (D:6)
  12 kobolds
  A leopard gecko zombie (D:6)
  A quokka skeleton (D:6)
  8 rats
124 creatures vanquished.

Notes
Turn   | Place    | Note
-------+----------+-------------------------------------------
     0 | D:1      | empire the Minotaur Fighter began the quest for the Orb.
     0 | D:1      | Reached XP level 1. HP: 19/19 MP: 0/0
   183 | D:1      | Reached XP level 2. HP: 10/26 MP: 1/1
   879 | D:2      | Found a sparkling altar of Nemelex Xobeh.
   899 | D:2      | Reached XP level 3. HP: 31/31 MP: 2/2
  1409 | D:2      | Reached skill level 5 in Long Blades
  1638 | D:3      | Reached XP level 4. HP: 33/39 MP: 3/3
  1720 | D:3      | Found a faded altar of an unknown god.
  1753 | D:3      | Noticed p0werm0de's ghost (weakling OpNe)
  1758 | D:3      | Killed p0werm0de's ghost
  1770 | D:3      | Found an opulent altar of Gozag.
  1865 | D:3      | Found an ornate altar of the Wu Jian Council.
  1934 | D:3      | Reached XP level 5. HP: 39/45 MP: 4/4
  2066 | D:3      | HP: 2/45 [something/puff of flame (6)]
  2494 | D:4      | Reached XP level 6. HP: 51/51 MP: 5/5
  2584 | D:4      | Noticed theblackcape's ghost (amateur GnWz)
  2593 | D:4      | Killed theblackcape's ghost
  2593 | D:4      | Reached skill level 5 in Armour
  2593 | D:4      | Reached XP level 7. HP: 21/57 MP: 6/6
  2802 | D:4      | Found Otadoc's Assorted Antiques.
  2850 | D:4      | Bought a scroll labeled RYRADO IXAESU for 27 gold pieces
  2850 | D:4      | Bought a scroll labeled RILURAM HOU for 27 gold pieces
  2850 | D:4      | Bought a scroll labeled IKKAIL JONY for 27 gold pieces
  2850 | D:4      | Bought a green potion for 24 gold pieces
  2850 | D:4      | Bought a scroll labeled HOUTAU CUIDD for 27 gold pieces
  2850 | D:4      | Bought a green potion for 24 gold pieces
  3039 | D:4      | Noticed Duvessa
  3039 | D:4      | Noticed Dowan
  3051 | D:4      | Killed Duvessa
  3062 | D:4      | Killed Dowan
  3440 | D:5      | Entered Level 5 of the Dungeon
  3449 | D:5      | Noticed Ijyb
  3456 | D:5      | Paralysed by Ijyb for 6 turns
  3466 | D:5      | Paralysed by Ijyb for 3 turns
  3469 | D:5      | Killed Ijyb
  3571 | D:5      | Gained mutation: You are weak. (Str -2) [potion of mutation]
  3571 | D:5      | Gained mutation: You evolve. [potion of mutation]
  3571 | D:5      | Gained mutation: Your mind is acute. (Int +2) [potion of mutation]
  3585 | D:5      | Reached XP level 8. HP: 36/64 MP: 7/7
  3591 | D:5      | Got an iridescent mace
  3593 | D:5      | Identified the +6 mace "Qagusm" {crush, rElec MR++ Int-4} (You found it on level 5 of the Dungeon)
  3603 | D:5      | Got a pitted hand axe
  3631 | D:5      | Noticed Prince Ribbit
  3655 | D:5      | Reached skill level 5 in Shields
  3665 | D:5      | Killed Prince Ribbit
  4055 | D:5      | Gained mutation: You are partially covered in rugged brown scales. (AC +1, +3% HP) [evolution]
  4110 | D:5      | Reached skill level 1 in Dodging
  4479 | D:6      | Reached skill level 5 in Dodging
  4557 | D:6      | Reached XP level 9. HP: 41/72 MP: 8/8
  4570 | D:6      | HP: 1/72 [orc warrior/trident (9)]
  4572 | D:6      | Slain by an orc warrior

Skill      XL: |  1  2  3  4  5  6  7  8  9 |
---------------+----------------------------+-----
Long Blades    | 3 4 5 6 7 8 |  8.5
Armour         | 5 8 |  8.6
Shields        | 6 |  6.6
Dodging        | 5 6 |  6.2
Fighting       | |  3.6

Action                   |  1- 3 |  4- 6 |  7- 9 || total
-------------------------+-------+-------+-------++-------
Melee: Long sword        |    90 |   106 |   186 ||   382
       Headbutt          |    18 |    25 |    50 ||    93
  Use: Potion            |       |     1 |     8 ||     9
       Scroll            |       |       |     3 ||     3
  Eat: Ration            |     1 |       |       ||     1
       Chunk             |       |     2 |     7 ||     9
Armor: Scale mail        |    26 |       |       ||    26
       Chain mail        |    18 |    70 |    84 ||   172
Dodge: Dodged            |    27 |    26 |    48 ||   101
Block: Shield            |    50 |    77 |    95 ||   222
       Rpst.: Long sword |     8 |     6 |    15 ||    29
